 Dungeon Crawl Stone Soup version 0.20-a0-947-g2784f4f (webtiles) character file.

57 JeffiDaFish the Shield-Bearer (level 4, 0/29 HPs)
             Began as a Gargoyle Fighter on Apr 4, 2017.
             Slain by Sigmund
             ... wielding a +0 scythe
              (9 damage)
             ... on level 3 of the Dungeon.
             The game lasted 00:04:47 (1500 turns).

JeffiDaFish the Shield-Bearer (Gargoyle Fighter)    Turns: 1500, Time: 00:04:48

Health: 0/29       AC: 11    Str: 19    XL:     4   Next: 0%
Magic:  4/4        EV:  7    Int:  9    God:
Gold:   109        SH:  9    Dex: 10    Spells: 3/3 levels left

rFire    . . .     SeeInvis .   a - +0 flail
rCold    . . .     Gourm    .   c - +0 shield
rNeg     + . .     Faith    .   b - +0 scale mail
rPois    ∞         Spirit   .   (no helmet)
rElec    +         Reflect  .   (no cloak)
rCorr    .         Harm     .   i - +0 pair of gloves
MR       .....                  (no boots)
Stlth    ..........             (no amulet)
Regen    0.1/turn               (no ring)
MPRegen  0.1/turn               (no ring)

@: no status effects
A: negative energy resistance 1, electricity resistance, unbreathing,
petrification resistance, rot immunity, AC +3
a: no special abilities


You were on level 3 of the Dungeon.
You were not hungry.

You visited 1 branch of the dungeon, and saw 3 of its levels.

You collected 109 gold pieces.

Inventory:

Hand Weapons
 a - a +0 flail (weapon)
Armour
 b - a +0 scale mail (worn)
 c - a +0 shield (worn)
 i - a +0 pair of gloves (worn)
Scrolls
 e - 3 scrolls of identify
 j - a scroll of teleportation
Potions
 d - a potion of might
Comestibles
 f - 3 bread rations
 g - 2 chunks of flesh
 h - 4 meat rations


   Skills:
 + Level 3.7 Fighting
 + Level 2.8 Maces & Flails
 + Level 3.7 Armour
 + Level 0.2 Dodging
 + Level 3.9 Shields


You had 3 spell levels left.
You didn't know any spells.

Dungeon Overview and Level Annotations

Branches:
Dungeon (3/15)

Altars:
Cheibriados
Yredelemnul

Annotations:
D:3 Sigmund


Innate Abilities, Weirdness & Mutations

You are resistant to torment.
Your stone body is resilient. (AC +3)
You are immune to poison.
You resist negative energy. (rN+)
You are resistant to electric shocks. (rElec)
You can survive without breathing.
You are immune to petrification.
You are immune to rotting.


Message History

The hobgoblin barely misses you.
You feel better. Something hits you but does no damage.
The hobgoblin hits you but does no damage.
You barely miss the hobgoblin.
The hobgoblin is heavily wounded.
Something hits you!
* * * LOW HITPOINT WARNING * * *
You block the hobgoblin's attack.
You closely miss the hobgoblin.
The hobgoblin is heavily wounded.
You block the hobgoblin's attack. Something hits you but does no damage.
You closely miss the hobgoblin.
The hobgoblin is heavily wounded.
You block the hobgoblin's attack. You block something's attack.
You hit the hobgoblin.
You kill the hobgoblin!
You have reached level 4!
You feel clever. Something hits you!
You die...

..###..#.# #...#.....
.........#####...###.##
...###...........# #.#
...###.#######...###.#
..........# #.... ..>
###.###.#.# ##..##
#.#.# #..#
#.#.######..#
#.#.@†{.....#
#.######....######
..######..........
.............####
....$.......#
.#.####......... ..
............
##...........
...###.#####


There were no monsters in sight!

Vanquished Creatures
  An adder (D:3)
  A worm (D:2)
  2 dart slugs
  A leopard gecko (D:2)
  A ball python (D:1)
  5 bats
  5 goblins
  6 hobgoblins
  4 kobolds
  A quokka (D:2)
  3 frilled lizards (D:2)
  9 rats
39 creatures vanquished.

Notes
Turn   | Place    | Note
-------+----------+-------------------------------------------
     0 | D:1      | JeffiDaFish the Gargoyle Fighter began the quest for the Orb.
     0 | D:1      | Reached XP level 1. HP: 14/14 MP: 1/1
   155 | D:1      | Reached XP level 2. HP: 19/19 MP: 2/2
   849 | D:2      | Reached XP level 3. HP: 24/24 MP: 3/3
  1335 | D:2      | Found a basalt altar of Yredelemnul.
  1336 | D:2      | Found a snail-covered altar of Cheibriados.
  1473 | D:3      | Noticed Sigmund
  1500 | D:3      | Reached XP level 4. HP: 9/29 MP: 4/4
  1500 | D:3      | Slain by Sigmund

Vault maps used:
D:1:      minmay_arrival_cross, minmay_rat_gold_closets
D:2:      gammafunk_temple_overflow_statue
D:3:      makhleb_altar_promises_db, tgw_sif, first_bread,
          grunt_qazlal_sundering, uniq_sigmund

Action                   |  1- 3 |  4- 6 || total
-------------------------+-------+-------++-------
Melee: Flail             |   220 |       ||   220
  Use: Scroll            |     6 |       ||     6
       Potion            |     3 |       ||     3
  Eat: Chunk             |     2 |       ||     2
Armor: Scale mail        |   106 |       ||   106
Dodge: Dodged            |    68 |       ||    68
Block: Shield            |   115 |       ||   115
